Map: Vallée des cactus EC

Players

AgCl

  • Race: Protoss Protoss

Engineer - Winner!

  • Race: Zerg Zerg

VOD

Have the link to the VOD?

Description

Time

  • Played on: May 5, 2015, 6:21 a.m.
  • Length: 11:16
Show
View Real Time Build Order
Export as new Build Order

AgCl Protoss 

Build Orders: Oracle Opening, Oracle Opening 

Get SALT Encoding   

  13  0:14  Probe  
  13  0:17  Pylon  
  13  0:26  Probe  
  14  0:38  Probe  
  15  0:44  Gateway  
  15  0:50  Probe  
  16  1:02  Probe  
  17  1:14  Assimilator  
  17  1:15  Probe  
  17  1:18  Pylon  
  18  1:27  Probe  
  19  1:35  Cybernetics Core  
  19  1:37  Zealot (Chrono Boost)  
  19  1:39  Probe (Chrono Boost)  
  22  1:49  Probe (Chrono Boost)  
  22  1:51  Assimilator  
  23  1:56  Probe (Chrono Boost)  
  24  2:08  Probe (Chrono Boost)  
  25  2:16  Warp Gate (Chrono Boost)  
  25  2:20  Probe  
  26  2:23  Nexus  
  26  2:33  Probe  
  27  2:44  Pylon  
  27  2:45  Probe (Chrono Boost)  
  27  2:48  Stargate  
  28  2:54  Probe (Chrono Boost)  
  29  3:02  Probe  
  28  3:14  Probe (Chrono Boost)  
  28  3:16  Gateway  
  29  3:20  Forge  
  29  3:26  Mothership Core (Chrono Boost)  
  31  3:35  Assimilator  
  31  3:36  Gateway  
  31  3:40  Oracle  
  34  3:50  Probe (Chrono Boost)  
  34  3:55  Probe (Chrono Boost)  
  36  3:59  Probe (Chrono Boost)  
  36  4:02  Gateway  
  38  4:03  Probe (Chrono Boost)  
  38  4:04  Protoss Ground Weapons Level 1  
  38  4:08  Probe (Chrono Boost)  
  41  4:18  Probe (Chrono Boost)  
  41  4:19  Probe (Chrono Boost)  
  41  4:27  Probe (Chrono Boost)  
  43  4:32  Probe (Chrono Boost)  
  43  4:34  Probe (Chrono Boost)  
  44  4:38  Probe  
  44  4:39  Void Ray (Chrono Boost)  
  44  4:43  Probe  
  50  4:51  Probe  
  51  4:56  Probe  
  52  5:16  Pylon  
  52  5:20  Pylon  
  52  5:24  Assimilator  
  52  5:28  Pylon  
  52  5:30  Photon Cannon  
  52  5:34  Probe x2  
  54  5:36  Photon Cannon  
  54  5:38  Gateway  
  54  5:39  Gateway  
  54  5:41  Pylon  
  54  5:42  Sentry  
  56  5:46  Probe  
  56  5:47  Probe  
  58  5:51  Cybernetics Core  
  58  5:59  Probe x2  
  58  6:00  Zealot  
  58  6:01  Zealot  
  58  6:02  Void Ray (Chrono Boost)  
  68  6:11  Probe x2  
  70  6:16  Zealot  
  72  6:20  Protoss Shields Level 1  
  72  6:23  Probe (Chrono Boost)  
  74  6:26  Fleet Beacon, Probe (Chrono Boost)  
  74  6:28  Cybernetics Core  
  74  6:30  Pylon  
  74  6:35  Probe (Chrono Boost)  
  72  6:42  Pylon  
  70  6:47  Stalker, Zealot  
  70  6:48  Stalker x2  
  74  6:54  Zealot  
  66  7:20  Probe  
  66  7:22  Void Ray (Chrono Boost)  
  65  7:24  Protoss Air Weapons Level 1 (Chrono Boost)  
  65  7:25  Probe  
  65  7:29  Zealot x2  
  70  7:30  Stalker x2  
  74  7:41  Zealot  
  78  7:44  Mothership Core (Chrono Boost)  
  78  7:50  Probe (Chrono Boost)  
  79  7:54  Carrier (Chrono Boost)  
  79  7:57  Probe (Chrono Boost)  
  78  8:01  Sentry x2  
  78  8:02  Zealot x3  
  78  8:22  Stargate  
  78  8:23  Twilight Council  
  78  8:25  Pylon  
  78  8:26  Gateway, Pylon  
  77  8:28  Gateway  
  77  8:31  Zealot x4  
  79  8:41  Zealot  
  70  9:06  Stargate  
  70  9:07  Pylon  
  70  9:11  Protoss Ground Weapons Level 2 (Chrono Boost)  
  70  9:13  Charge (Chrono Boost)  
  70  9:18  Nexus, Assimilator  
  70  9:19  Pylon  
  70  9:21  Assimilator  
  70  9:29  Probe, Dark Shrine  
  71  9:36  Phoenix (Chrono Boost)  
  73  9:41  Probe  
  73  9:42  Probe  
  75  9:53  Probe, Photon Cannon  
  75  9:54  Probe  
  77  10:05  Probe  
  77  10:06  Probe  
  77  10:17  Probe  
  72  10:26  Probe (Chrono Boost)  
  77  10:31  Probe (Chrono Boost)  
  77  10:33  Probe (Chrono Boost)  
  79  10:38  Photon Cannon x2  
  79  10:42  Probe (Chrono Boost)  
  80  10:43  Dark Templar  
  78  10:52  Dark Templar x2  
  76  10:58  Zealot  
  76  10:59  Zealot  
  76  11:01  Dark Templar  
Show
View Real Time Build Order
Export as new Build Order

Engineer Zerg - Winner!

Build Orders: Hatch First 

Get SALT Encoding   

  12  0:01  Drone  
  13  0:11  Drone  
  14  0:14  Extractor  
  14  0:15  Drone  
  15  0:22  Overlord  
  15  0:42  Drone x2  
  17  0:50  Drone  
  18  0:59  Hatchery  
  17  1:12  Spawning Pool  
  17  1:16  Drone  
  17  1:23  Drone  
  18  1:30  Drone  
  18  1:32  Drone  
  20  1:39  Overlord  
  20  1:59  Queen  
  22  2:01  Zergling x2  
  22  2:04  Drone  
  24  2:10  Queen  
  26  2:18  Extractor  
  26  2:21  Drone  
  26  2:22  Drone x3  
  27  3:10  Drone x4  
  27  3:11  Drone x2  
  33  3:13  Queen  
  35  3:32  Overlord x2  
  35  3:35  Zergling x2  
  35  3:37  Overlord x2  
  36  3:41  Hatchery  
  36  3:42  Metabolic Boost  
  35  3:55  Zergling x6  
  38  4:00  Drone, Extractor  
  38  4:01  Drone x6  
  44  4:22  Lair  
  44  4:27  Drone  
  44  4:28  Drone x8  
  53  4:32  Spore Crawler  
  53  4:36  Spore Crawler  
  49  5:18  Roach Warren  
  48  5:23  Queen  
  48  5:24  Drone  
  48  5:25  Drone x11  
  48  5:26  Spore Crawler  
  60  6:00  Glial Reconstitution  
  56  6:19  Queen  
  56  6:20  Queen  
  56  6:22  Roach  
  56  6:23  Roach x7  
  56  6:25  Overlord x5  
  69  6:48  Hatchery  
  57  7:36  Zergling x2  
  58  7:37  Zergling x20  
  57  8:17  Queen  
  54  8:22  Queen  
  52  8:42  Queen  
  52  8:44  Drone x6  
  58  8:53  Queen  
  57  9:02  Hydralisk Den  
  56  9:12  Hatchery  
  56  9:13  Overlord  
  56  9:14  Overlord x2  
  55  9:17  Extractor  
  54  9:35  Hydralisk, Muscular Augments  
  54  9:36  Hydralisk x10  
  76  9:49  Hydralisk x5  
  86  9:58  Hydralisk x4  
  86  9:59  Hydralisk x2  
  90  10:26  Hydralisk x7  
  90  10:27  Hydralisk x2  
  108  10:33  Zergling x2  
  108  10:34  Zergling x14  
  114  10:53  Overseer  
  114  10:54  Overseer x3  
Tags
 
Add a new tag
Caveats
  • Supply blocks, unpowered buildings, or Contaminate may cause inaccurate times.
  • Supply counts are checked every 10 seconds.